[ AOE2 MATCH · #480460385 ]
Team RMTeutons vs Georgians
[ REPLAY ANALYSIS · EXTRACTED FROM THE RECORDED GAME ]
Feudal
—
Castle
—
Imperial
—
| APM avg | 30.3 |
| APM peak | 49 |
| eAPM avg | 3.7 |
| Villagers / military | 0 / 0 |
Focus
⚔️ 0.0% · 🌾 100.0%
Feudal
—
Castle
—
Imperial
—
| APM avg | 26.3 |
| APM peak | 39 |
| eAPM avg | 8.2 |
| Villagers / military | 0 / 0 |
Focus
⚔️ 0.0% · 🌾 100.0%
Feudal
—
Castle
—
Imperial
—
| APM avg | 18.7 |
| APM peak | 34 |
| eAPM avg | 3.7 |
| Villagers / military | 0 / 0 |
Focus
⚔️ 0.0% · 🌾 100.0%
Feudal
—
Castle
—
Imperial
—
| APM avg | 21.8 |
| APM peak | 34 |
| eAPM avg | 6.1 |
| Villagers / military | 5 / 0 |
Focus
⚔️ 0.0% · 🌾 100.0%
Feudal
—
Castle
—
Imperial
—
| APM avg | 12.1 |
| APM peak | 19 |
| eAPM avg | 1.6 |
| Villagers / military | 0 / 0 |
Focus
⚔️ 0.0% · 🌾 100.0%
Feudal
—
Castle
—
Imperial
—
| APM avg | 16.1 |
| APM peak | 25 |
| eAPM avg | 7.1 |
| Villagers / military | 5 / 0 |
Focus
⚔️ 0.0% · 🌾 100.0%
Match map
Resources at game start + every placement click. Thick line = wall · dashed box = detected house wall. 🟡 gold · ⚪ stone · 🟢 berries · 🔶 boar · ⭕ relic
Inputs per minute
— Twixxo - - La Polla Persa
Build order — Twixxo
1 actions detected in the replay
| 1:10 | Build | Town Center |
Build order — La Polla Persa
1 actions detected in the replay
| 1:07 | Build | Town Center |
Build order — Montys8th
1 actions detected in the replay
| 0:42 | Build | Town Center |
Build order — pablo.o.tabernero
8 actions detected in the replay
| 1:06 | Build | Town Center |
| 2:49 | Create | Villager (Male) |
| 2:49 | Create | Villager (Male) |
| 2:49 | Create | Villager (Male) |
| 2:49 | Create | Villager (Male) |
| 2:50 | Create | Villager (Male) |
| 3:03 | Build | House |
| 3:41 | Build | House |
Build order — NAPOLEON1096
1 actions detected in the replay
| 1:56 | Build | Town Center |
Build order — EdadCoñal
8 actions detected in the replay
| 1:29 | Build | Town Center |
| 3:34 | Build | House |
| 3:37 | Build | House |
| 3:38 | Create | Villager (Male) |
| 3:38 | Create | Villager (Male) |
| 3:38 | Create | Villager (Male) |
| 3:39 | Create | Villager (Male) |
| 3:39 | Create | Villager (Male) |
Match timeline
| 3:06 | Twixxo · resign |
[ AI ANALYSIS · 1 CREDIT ]
What really happened in this match?
Wolo.gg analyzes every decision: build order, eco, micro, common mistakes by bracket. Personalized analysis on WhatsApp or Discord in 30 seconds.
Civ guide
Teutons
Map guide
African Clearing
Perfil
Twixxo